 Dungeon Crawl Stone Soup version 0.17-a0-1-g1f4be75 (console) character file.

17686 Fusha the Nimble (level 12, -6/92 HPs)
             Began as a Vampire Monk on Mar 12, 2015.
             Was the Champion of Cheibriados.
             Mangled by an eight-headed hydra (8 damage)
             ... on level 4 of the Lair of Beasts.
             The game lasted 00:48:12 (15655 turns).

Fusha the Nimble (Vampire Monk)                    Turns: 15655, Time: 00:48:12

Health: -6/92      AC:  7    Str: 32    XL:     12   Next: 21%
Magic:  22/22      EV: 30    Int: 27    God:    Cheibriados [******]
Gold:   859        SH:  0    Dex: 34    Spells: 3 memorised, 9 levels left

rFire  . . .     SeeInvis +       - Unarmed
rCold  + . .     Clarity  .     a - +0 robe
rNeg   + + +     SustAb   .     (no shield)
rPois  +         Gourm    .     h - +1 helmet
rElec  .         Spirit   .     n - +0 cloak
rCorr  .         Warding  .     e - +0 pair of gloves
rMut   .         Stasis   .     j - +0 pair of boots
MR     +....                    (no amulet)
Stlth  +++++++++.               D - ring of Coronation {+Fly rN+ Str+6 Stlth+}
                                x - ring of stealth

@: lethally poisoned (-6 -> -14), regenerating slowly, very slow, somewhat
resistant to hostile enchantments, incredibly stealthy
A: bottle blood, fangs 3, see invisible, unbreathing
a: Bat Form, Bend Time, Temporal Distortion, Slouch, Step From Time, Renounce
Religion, Evoke Flight


You were on level 4 of the Lair of Beasts.
You worshipped Cheibriados.
Cheibriados was exalted by your worship.
You were thirsty.

You visited 2 branches of the dungeon, and saw 13 of its levels.
You also visited: Sewer.

You collected 859 gold pieces.

Inventory:

Missiles
 d - 9 poisoned needles
Armour
 a - a +0 robe (worn)
 e - a +0 pair of gloves (worn)
 h - a +1 helmet (worn)
 j - a +0 pair of boots (worn)
 n - a +0 cloak (worn)
Jewellery
 o - an uncursed amulet of stasis
 w - an uncursed amulet of guardian spirit
 x - a ring of stealth (left hand)
 D - the ring of Coronation (right hand) {+Fly rN+ Str+6 Stlth+}
   (You found it on level 3 of the Lair of Beasts)

   [ring of flight]

   It affects your strength (+6).
   It protects you from negative energy.
   It lets you fly.
   It makes you more stealthy.
Magical devices
 c - a wand of fire (0)
 l - a wand of flame (0)
 y - a wand of flame (0)
Scrolls
 g - 2 scrolls of remove curse
 B - a scroll of teleportation
 F - a scroll of fear {unknown}
 G - 2 scrolls of amnesia {unknown}
Potions
 f - a potion of might
 i - a potion of restore abilities
 k - a potion of brilliance
 m - 5 potions of curing
 p - 3 potions of haste
 q - a potion of magic
 r - 2 potions of heal wounds
 s - a potion of invisibility
 t - a potion of ambrosia
 v - a potion of degeneration
 z - a potion of berserk rage
 C - a potion of poison {unknown}
 E - a potion of agility
Books
 b - a book of the Sky

   Spells                             Type                      Level
   a - Flight                         Charms/Air                   3
   b - Airstrike                      Air                          4
   c - Silence                        Hexes/Air                    5
   d - Deflect Missiles               Charms/Air                   6
   e - Conjure Ball Lightning         Conjuration/Air              6
   f - Tornado                        Air                          9
 u - a book of Clouds

   Spells                             Type                      Level
   a - Mephitic Cloud                 Conjuration/Poison/Air       3
   b - Conjure Flame                  Conjuration/Fire             3
   c - Poisonous Cloud                Conjuration/Poison/Air       6
   d - Freezing Cloud                 Conjuration/Ice/Air          6
   e - Ring of Flames                 Charms/Fire                  7
 A - a book of Necromancy

   Spells                             Type                      Level
   a - Pain                           Necromancy                   1
   b - Animate Skeleton               Necromancy                   1
   c - Vampiric Draining              Necromancy                   3
   d - Regeneration                   Charms/Necromancy            3
   e - Animate Dead                   Necromancy                   4
   f - Control Undead                 Necromancy                   4
Miscellaneous
 H - a phial of floods


   Skills:
 + Level 7.7 Fighting
 + Level 13.3 Dodging
 + Level 11.2 Stealth
 + Level 10.6 Unarmed Combat
 + Level 1.8 Spellcasting
 + Level 2.1 Necromancy
 * Level 7.0 Invocations
 + Level 1.2 Evocations


You had 9 spell levels left.
You knew the following spells:

 Your Spells              Type           Power        Failure   Level  Hunger
a - Animate Skeleton      Necr           N/A          4%          1    #......
b - Vampiric Draining     Necr           ##........   14%         3    ###....
c - Pain                  Necr           ##..         4%          1    #......


Dungeon Overview and Level Annotations

Branches:
Dungeon (9/15)             Temple (0/1) D:7            Lair (4/8) D:9
 Shoals (0/5) Lair:3       Spider (0/5) Lair:3          Orc (0/4) D:9

Altars:
Ashenzari
Cheibriados
Elyvilon
Fedhas
Kikubaaqudgha
Nemelex Xobeh
Okawaru
Trog
Zin
The Shining One

Shops:
D:6 *   D:7 [

Annotations:
Lair:1 stuff behind laval, exclusion: ice statue


Innate Abilities, Weirdness & Mutations

You heal slowly.
You can bottle blood from corpses.
You have razor-sharp teeth.
You have supernaturally acute eyesight.
You can survive without breathing.


Message History

You feel sick. The komodo dragon misses you.
You barely miss the komodo dragon. You bite the komodo dragon.
The komodo dragon is severely wounded.
The blink frog blinks!
The komodo dragon closely misses you.
You punch the komodo dragon!
You kill the komodo dragon!
Cheibriados thoroughly appreciates the change of pace.
You feel sick.
Use which ability? (? or * to list)
You fail to use your ability.
You feel sick. The eight-headed hydra bites you.
The eight-headed hydra bites you!
* * * LOW HITPOINT WARNING * * *
The eight-headed hydra bites you!
* * * LOW HITPOINT WARNING * * *
The eight-headed hydra bites you.
* * * LOW HITPOINT WARNING * * *
The eight-headed hydra misses you. The eight-headed hydra bites you!
* * * LOW HITPOINT WARNING * * *
The eight-headed hydra bites you!
You die...

.....## ##..### ..........
......# #.....#####.........
.......###.....#.#..........
#.....###....................
###....#..................>..
.#..........P.#....§.........
............####.F.F........
........#.... ##D..........
### #.......####@♣♣♣♣.......
# ##...........♣ ♣......
#P...........♣♣♣.......
#####.....####....#......
#.###...### #.#..........
###.##.....# ####.....%....
.##......### ##....#.....
..........## #.#...#.PP.
...#.##P...# ##Z.....#


You could see an eight-headed hydra and 2 blink frogs.

Vanquished Creatures
  4 hydras
  The ghost of ZiggyStardust the Fighter, a powerful FeAE of Sif Muna (Lair:2)
  A black mamba (Lair:4)
  7 spiny frogs
  3 komodo dragons
  A freezing wraith (Lair:1)
  A troll (D:9)
  A polar bear (Lair:1)
  A blink frog (Lair:2)
  A wraith (D:9)
  12 yaks
  A basilisk (Lair:3)
  4 hippogriffs
  A wolf (Lair:1)
  A deep elf fighter (D:9)
  6 water moccasins
  4 porcupines (Lair:1)
  3 spiders (Lair:3)
  2 orc warriors (D:9)
  Purgy (Sewer)
  A necrophage (D:9)
  A sky beast (D:8)
  3 ogres
  A phantom (D:5)
  9 ice beasts
  A black bear (D:6)
  3 centaurs
  8 crocodiles
  4 giant frogs
  A gnoll sergeant (D:7)
  A wyvern skeleton (D:7)
  3 scorpions
  6 killer bees (D:9)
  9 wights
  3 jellies
  3 crimson imps
  2 goliath beetles
  A centaur skeleton (D:4)
  2 quasits
  Crazy Yiuf (D:2)
  A giant frog skeleton (D:9)
  4 orc priests
  6 hounds
  7 iguanas
  Natasha (twice) (D:3)
  4 worker ants
  5 orc wizards
  A hound skeleton (D:6)
  A worker ant zombie (D:6)
  10 gnolls
  12 adders
  12 river rats
  2 white imps (Lair:1)
  A giant mite (D:4)
  6 worms
  An adder zombie (D:5)
  An adder skeleton (D:4)
  8 giant geckos
  An ooze (D:4)
  23 orcs
  A bat skeleton (D:8)
  4 giant cockroaches
  13 goblins
  13 hobgoblins
  16 kobolds
  13 quokkas
  2 ball pythons
  30 bats
  A giant gecko zombie (D:7)
  5 giant newts
  6 jackals
  3 quokka skeletons
  23 rats
357 creatures vanquished.

Vanquished Creatures (collateral kills)
  A black mamba (Lair:2)
  2 blink frogs (Lair:2)
  A snapping turtle (Lair:3)
  5 yaks
  A porcupine (Lair:4)
  4 spiders (Lair:3)
  A water moccasin (Lair:3)
  6 river rats (Lair:4)
21 creatures vanquished.

Vanquished Creatures (others)
  A hydra skeleton (Lair:4)
  A komodo dragon skeleton (Lair:4)
  A water moccasin skeleton (Lair:2)
  3 yak skeletons (Lair:4)
  A goliath beetle (D:7)
  2 iguana skeletons (Lair:2)
  A giant spore (D:9)
  2 fungi (D:9)
12 creatures vanquished.

Grand Total: 390 creatures vanquished

Notes
Turn   | Place    | Note
--------------------------------------------------------------
     0 | D:1      | Fusha, the Vampire Monk, began the quest for the Orb.
     0 | D:1      | Reached XP level 1. HP: 17/17 MP: 1/1
   488 | D:1      | Reached XP level 2. HP: 18/23 MP: 2/2
  1125 | D:2      | Reached XP level 3. HP: 23/28 MP: 3/3
  1631 | D:2      | Noticed Crazy Yiuf
  1636 | D:2      | Killed Crazy Yiuf
  1636 | D:2      | Reached XP level 4. HP: 33/35 MP: 4/4
  1884 | D:2      | Found a glowing golden altar of the Shining One.
  2042 | D:3      | Noticed Natasha
  2078 | D:3      | Killed Natasha
  2294 | D:3      | Reached XP level 5. HP: 24/41 MP: 5/5
  2453 | D:3      | Reached skill level 5 in Dodging
  2466 | D:3      | Found an ancient bone altar of Kikubaaqudgha.
  2628 | D:3      | Reached skill level 5 in Unarmed Combat
  2707 | D:3      | Noticed Natasha
  2901 | D:3      | Killed Natasha
  3010 | D:3      | Found a white marble altar of Elyvilon.
  3174 | D:3      | You fall through a shaft for 2 floors!
  3174 | D:5      | Entered Level 5 of the Dungeon
  3174 | D:5      | Found a blossoming altar of Fedhas.
  3225 | D:5      | Found a sparkling altar of Nemelex Xobeh.
  3315 | D:5      | Reached XP level 6. HP: 8/48 MP: 6/6
  3316 | D:5      | HP: 2/48 [scorpion (6)]
  3452 | D:5      | Noticed a phantom
  3454 | D:5      | Noticed an ice beast
  3495 | D:5      | Killed an ice beast
  3495 | D:5      | Reached skill level 6 in Dodging
  3519 | D:5      | Killed a phantom
  3519 | D:5      | Reached skill level 5 in Stealth
  3519 | D:5      | Reached XP level 7. HP: 14/54 MP: 7/7
  3972 | D:4      | Reached skill level 7 in Dodging
  4027 | D:4      | Found a glowing drain.
  4049 | Sewer    | Entered a sewer
  4086 | Sewer    | Noticed Purgy
  4109 | Sewer    | Killed Purgy
  4718 | D:4      | Found a shattered altar of Ashenzari.
  5386 | D:5      | Reached XP level 8. HP: 39/61 MP: 8/8
  5676 | D:6      | Reached skill level 8 in Dodging
  6128 | D:6      | Found Zin's Purification Station.
  6131 | D:6      | Found a glowing silver altar of Zin.
  6175 | D:6      | Found a bloodstained altar of Trog.
  6861 | D:7      | Found Etau's Armour Shoppe.
  6937 | D:7      | Found a snail-covered altar of Cheibriados.
  6947 | D:7      | Became a worshipper of Cheibriados the Contemplative
  6947 | D:7      | Acquired Cheibriados' first power
  6992 | D:7      | Reached skill level 9 in Dodging
  7582 | D:7      | Found a staircase to the Ecumenical Temple.
  7940 | D:8      | Reached skill level 1 in Invocations
  8020 | D:8      | Reached skill level 5 in Fighting
  8339 | D:8      | Reached XP level 9. HP: 62/68 MP: 8/10
  8598 | D:8      | Acquired Cheibriados' second power
  9050 | D:8      | Gained mutation: Your body is slowly deteriorating. [potion of mutation]
  9050 | D:8      | Gained mutation: You have a pair of small antennae on your head. [potion of mutation]
  9051 | D:8      | Lost mutation: Your body is slowly deteriorating. [potion of cure mutation]
  9051 | D:8      | Lost mutation: You have a pair of small antennae on your head. [potion of cure mutation]
  9203 | D:8      | Found an iron altar of Okawaru.
  9401 | D:9      | Reached skill level 10 in Dodging
  9434 | D:9      | Acquired Cheibriados' third power
  9770 | D:9      | Reached XP level 10. HP: 67/76 MP: 15/17
  9820 | D:9      | Found a staircase to the Orcish Mines.
 10209 | D:9      | Reached skill level 11 in Dodging
 10372 | D:9      | Found a staircase to the Lair.
 10530 | Lair:1   | Entered Level 1 of the Lair of Beasts
 10758 | Lair:1   | Noticed an ice statue
 10889 | Lair:1   | Acquired Cheibriados' fourth power
 11002 | Lair:1   | Reached skill level 5 in Invocations
 11028 | Lair:1   | Learned a level 1 spell: Animate Skeleton
 11545 | Lair:1   | Reached skill level 12 in Dodging
 11631 | Lair:1   | Reached XP level 11. HP: 45/83 MP: 20/20
 12395 | Lair:2   | Noticed a four-headed hydra
 12408 | Lair:2   | Killed a four-headed hydra
 12511 | Lair:2   | Noticed a six-headed hydra
 12521 | Lair:2   | Killed a six-headed hydra
 12521 | Lair:2   | Reached skill level 1 in Evocations
 12656 | Lair:2   | Reached skill level 10 in Unarmed Combat
 12956 | Lair:2   | Reached skill level 10 in Stealth
 13240 | Lair:2   | Learned a level 3 spell: Vampiric Draining
 13554 | Lair:2   | Noticed ZiggyStardust's ghost (powerful FeAE)
 13558 | Lair:2   | Killed ZiggyStardust's ghost
 13865 | Lair:3   | Reached skill level 1 in Necromancy
 13866 | Lair:3   | Reached skill level 1 in Spellcasting
 14134 | Lair:3   | Reached skill level 13 in Dodging
 14199 | Lair:3   | Got a translucent silver ring
 14200 | Lair:3   | Identified the ring of Coronation {+Fly rN+ Str+6 Stlth+} (You found it on level 3 of the Lair of Beasts)
 14221 | Lair:3   | Found a hole to the Spider Nest.
 14362 | Lair:3   | Found an ancient bone altar of Kikubaaqudgha.
 14670 | Lair:3   | Found a staircase to the Shoals.
 15089 | Lair:4   | Reached XP level 12. HP: 89/91 MP: 22/22
 15157 | Lair:4   | Noticed a four-headed hydra
 15167 | Lair:4   | Killed a four-headed hydra
 15610 | Lair:4   | Noticed a four-headed hydra
 15616 | Lair:4   | Killed a four-headed hydra
 15621 | Lair:4   | Learned a level 1 spell: Pain
 15638 | Lair:4   | Noticed an eight-headed hydra
 15655 | Lair:4   | HP: 2/92 [eight-headed hydra (13)]
 15655 | Lair:4   | Mangled by an eight-headed hydra

Action                   |  1- 3 |  4- 6 |  7- 9 | 10-12 || total
-------------------------+-------+-------+-------+-------++-------
Melee: Unarmed           |   135 |   248 |   743 |   525 ||  1651
 Cast: Animate Skeleton  |       |       |       |    14 ||    14
Invok: Slouch            |       |       |       |     1 ||     1
Evoke: Wand              |     3 |     3 |       |     7 ||    13
  Use: Potion            |       |     5 |     4 |     2 ||    11
       Scroll            |       |       |    15 |     5 ||    20
 Stab: Sleeping          |     4 |     2 |    29 |    32 ||    67
       Distracted        |     1 |       |     1 |     2 ||     4
  Eat: Corpse            |     3 |    14 |    16 |     8 ||    41
